 Dungeon Crawl Stone Soup version 0.31-a0-636-ge1c0e020e0 (webtiles) character file.

Game seed: 1685217531775528122

416 javelincjr the Ruffian (level 6, -1/57 HPs)
             Began as a Troll Shapeshifter on Aug 26, 2023.
             Was a Believer of Okawaru.
             Slain by an orc
             ... wielding a +0 hand axe
              (2 damage)
             ... on level 5 of the Dungeon.
             The game lasted 00:06:10 (2502 turns).

javelincjr the Ruffian (Troll Shapeshifter)         Turns: 2502, Time: 00:06:10

Health: -1/57      AC: -8    Str: 25    XL:     6   Next: 60%
Magic:  5/5        EV: 10    Int:  6    God:    Okawaru [**....]
Gold:   154        SH:  0    Dex:  9    Spells: 5/5 levels left

rFire   . . .        r - +2 short sword (drain)
rCold   + . .        (no shield)
rNeg    . . .        a - +0 animal skin
rPois   .            (helmet currently unavailable)
rElec   .            (cloak currently unavailable)
rCorr   .            (gloves unavailable)
SInv    .            (boots unavailable)
Will    .....        e - amulet of the acrobat
Stlth   +            p - ring of protection from cold
HPRegen 1.09/turn    (no ring)
MPRegen 0.09/turn

%: acrobat
@: beast-form, corroded
A: beast (slay +2), large, unfitting armour, claws 3, regeneration 1, shaggy fur
1, tough skin 1
a: Begin Untransformation, Renounce Religion, Heroism


You were on level 5 of the Dungeon.
You worshipped Okawaru.
Okawaru was pleased with you.
You were a hulking beast.
You visited 1 branch of the dungeon, and saw 5 of its levels.

You collected 154 gold pieces.

Inventory:

Hand Weapons
 r - a +2 short sword of draining (weapon)
Armour
 a - a +0 animal skin (worn)
Jewellery
 e - an amulet of the acrobat (around neck)
 p - a ring of protection from cold (left claw)
 u - a ring of ice
 w - a ring of protection from cold
Talismans
 c - a beast talisman (active)
 d - a flux talisman
Wands
 n - a wand of paralysis (6)
Scrolls
 j - 6 scrolls of identify {unknown}
 m - a scroll of silence {unknown}
 q - a scroll of enchant weapon {unknown}
 s - a scroll of revelation {unknown}
 t - 2 scrolls of teleportation {unknown}
 v - a scroll of vulnerability {unknown}
 x - a scroll of immolation {unknown}
Potions
 b - a potion of lignification
 f - 2 potions of ambrosia {unknown}
 g - a potion of curing {unknown}
 h - a potion of invisibility {unknown}
 i - 2 potions of brilliance {unknown}
 k - 2 potions of enlightenment {unknown}
 l - a potion of berserk rage {unknown}
 o - a potion of magic {unknown}


   Skills:
 + Level 2.1 Fighting
 + Level 2.6 Dodging
 * Level 4.9 Unarmed Combat
 + Level 0.9 Invocations
 * Level 4.6 Shapeshifting


You had 5 spell levels left.
You didn't know any spells.
Your spell library contained the following spells:

 Spells                   Type           Power      Damage    Failure   Level
 Sting                    Tmut/Pois      0%         1d3       45%         1
 Poisonous Vapours        Pois/Air       0%         N/A       58%         2
 Olgreb's Toxic Radiance  Pois           0%         N/A       99%         4


Dungeon Overview and Level Annotations

Branches:
Dungeon (5/15)
 Temple: D:4-7

Altars:
Dithmenos
Okawaru
Sif Muna


Innate Abilities, Weirdness & Mutations

You are a hulking beast.
Your limbs bulge with bestial killing power. (Slay +2)
You are too large for most types of armour.
You have claws for hands.
Your natural rate of healing is unusually fast.
You are covered in fur. (AC +1)
You have tough skin. (AC +1)


Message History

The jelly is lightly wounded.
The orc hits you with a +0 dagger. The jelly hits you but does no damage.
The orc wizard gestures wildly while chanting.
The orc wizard flickers and vanishes!
Deactivating autopickup; reactivate with Ctrl-A.
The orc suddenly complains.
The orc completely misses you.
You barely miss the orc. The orc hits you with a +0 dagger.
The jelly barely misses you.
You miss the orc. Something hits you but does no damage.
The orc hits you but does no damage. The jelly hits you. The acid corrodes you!
You are splashed with acid!
You miss the orc.
You feel less confused. Something hits you. The orc hits you with a +0 dagger.
The jelly completely misses you.
You hit the jelly. The acid corrodes you!
Your claws burn!
The jelly is moderately wounded.
You hear some strange, mumbled words.
A magic dart appears from out of thin air!
The magic dart hits you! The orc hits you with a +0 dagger. The jelly hits you.
You are splashed with acid!
* * * LOW HITPOINT WARNING * * *
You hit the jelly but do no damage. You drain the jelly. The acid corrodes you!
Your claws burn!
* * * LOW HITPOINT WARNING * * *
The jelly is heavily wounded.
Something hits you.
* * * LOW HITPOINT WARNING * * *
The orc closely misses you. The orc hits you with a +0 dagger.
* * * LOW HITPOINT WARNING * * *
The jelly jiggles.
The jelly barely misses you.
You hit the jelly but do no damage.
Your claws burn!
* * * LOW HITPOINT WARNING * * *
The jelly is heavily wounded.
The white imp closely misses you. Something hits you.
* * * LOW HITPOINT WARNING * * *
The orc hits you with a +0 hand axe.
You die...

#..##.# #....
.#...#..#####...#
.(..............#
........#..##.#.#
.........$..#.#.##
....... #......<.#
.......##..##.......#
........5..............
.......#oh.##..........
.......)J{o............
.......#.....#######..#
.!.#....##...... ... ..
####. ........ ## . ..
...##### #.. #.. ..#
### ..#


You could see a jelly (very drained), a white imp and 2 orcs.

Vanquished Creatures
  Sigmund (D:3)
  2 hounds (D:4)
  An iguana (D:4)
  A sleepcap (D:5)
  An orc wizard (D:4)
  2 gnolls (D:4)
  2 adders
  2 worms
  3 dart slugs
  7 orcs
  5 bats
  4 endoplasms
  5 giant cockroaches
  6 goblins
  7 hobgoblins
  A quokka (D:3)
  8 ball pythons
  2 frilled lizards (D:1)
  10 kobolds
  4 rats
74 creatures vanquished.

Notes
Turn   | Place    | Note
-------+----------+-------------------------------------------
     0 | D:1      | javelincjr the Troll Shapeshifter began the quest for the
                  | Orb.
     0 | D:1      | Reached XP level 1. HP: 18/18 MP: 0/0
   151 | D:1      | Reached skill level 1 in Fighting
   151 | D:1      | Reached XP level 2. HP: 27/27 MP: 1/1
   704 | D:2      | Reached XP level 3. HP: 33/33 MP: 2/2
   791 | D:2      | Found a faded altar of an unknown god.
   805 | D:2      | Prayed at the altar of an unknown god.
   805 | D:2      | Became a worshipper of Warmaster Okawaru
   805 | D:2      | Reached * piety under Okawaru
  1480 | D:3      | Noticed Sigmund
  1495 | D:3      | Killed Sigmund
  1495 | D:3      | Reached ** piety under Okawaru
  1496 | D:3      | Reached XP level 4. HP: 27/42 MP: 0/3
  1496 | D:3      | Reached XP level 5. HP: 32/49 MP: 0/4
  1891 | D:4      | Found an iron altar of Okawaru.
  1908 | D:4      | Reached XP level 6. HP: 56/57 MP: 5/5
  2048 | D:4      | Found a shimmering blue altar of Sif Muna.
  2066 | D:4      | Found a shadowy altar of Dithmenos.
  2450 | D:5      | Entered Level 5 of the Dungeon
  2501 | D:5      | HP: 2/57 [orc/+0 dagger (1)]
  2502 | D:5      | Slain by an orc

Illustrated notes

Levels and vault maps discovered:
D:1:      lemuel_arrival_tunnels, layout_basic, amcnicky_mini_pool_small
D:2:      layout_loops_ring, hellmonk_ecumenical_altar_crossroads, minmay_tall_x
D:3:      layout_loops_cross, hex_large, palyth_stone_intersect,
          minmay_misc_feat_room, uniq_sigmund
D:4:      layout_cave_pools, okawaru_altar_gauntlet_db,
          mainiacjoe_overflow_big_doors, kennysheep_generic_room_5
D:5:      layout_rooms

Skill      XL: |  1  2  3  4  5  6 |
---------------+-------------------+-----
Fighting       | 1 2 |  2.1
Dodging        | 2 |  2.6
Unarmed Combat | 4 |  4.9
Shapeshifting  | 4 |  4.6
Invocations    | |  0.9

Action                     |  1- 3 |  4- 6 || total
---------------------------+-------+-------++-------
  Melee: Unarmed           |   100 |     9 ||   109
         Short sword       |       |    96 ||    96
         Punch             |       |     4 ||     4
 Invoke: Heroism           |     1 |       ||     1
 Armour: Animal skin       |    36 |    32 ||    68
  Dodge: Dodged            |    41 |    73 ||   114

Table legend: (Time is in decaauts)
 A = Elapsed time spent in this place.
 B = Non-inter-level travel time spent in this place.
 C = Inter-level travel time spent in this place.
 D = Time resting spent in this place.
 E = Time spent auto-exploring this place.
 F = Levels seen in this place.
 G = Mean time per level.
                   A        B        C        D        E       F      G
               +--------+--------+--------+--------+--------+-----+--------+
         Total |   2492 |   2384 |    108 |      0 |   1924 |   5 |  498.4 |
       Dungeon |   2492 |   2384 |    108 |      0 |   1924 |   5 |  498.4 |
               +--------+--------+--------+--------+--------+-----+--------+

Top non-repeatable levels by time:
     D:2: 636 daAuts
     D:3: 614 daAuts
     D:4: 597 daAuts
     D:1: 592 daAuts
     D:5: 51 daAuts
